Map: Dusty Gorge

Players

IlIlIlIlIll

  • Race: Zerg Zerg
  • Spawn Location: 3:00

mmm

  • Race: Protoss Protoss
  • Spawn Location: 5:00

IIIIIIIIIIII - Winner!

  • Race: Protoss Protoss
  • League: Diamond
  • Spawn Location: 11:00

Adversity - Winner!

  • Race: Terran Terran
  • Spawn Location: 9:00

VOD

Have the link to the VOD?

Description

Time

  • Played on: Sept. 2, 2018, 7:15 a.m.
  • Length: 4:47
Show
View Real Time Build Order
Export as new Build Order

IlIlIlIlIll Zerg 

Build Orders: Pool First 

Get SALT Encoding   

  12  0:01  Drone  
  13  0:13  Drone  
  14  0:17  Extractor  
  13  0:30  Spawning Pool  
  13  0:34  Drone  
  13  0:38  Drone  
  14  0:46  Extractor  
  14  0:47  Drone  
  15  0:55  Overlord  
  15  1:17  Zergling x4  
  15  1:18  Zergling x2  
  18  1:19  Metabolic Boost  
  18  1:35  Zergling x2  
  18  1:47  Zergling x2  
  18  1:49  Queen  
  21  2:05  Overlord  
  21  2:16  Hatchery  
  21  2:18  Zergling x2  
  21  2:25  Zergling x2  
  21  2:26  Zergling x2  
  23  2:34  Zergling x2  
  24  2:46  Zergling x2  
  26  2:58  Zergling x6  
  26  3:01  Zergling x2  
  29  3:08  Zergling x2  
  28  3:23  Queen  
  29  3:28  Drone x2  
  30  3:35  Drone  
  30  3:43  Zergling x6  
  30  3:45  Zergling x2  
  33  3:51  Zergling x4  
  34  3:55  Zergling x2  
  34  4:01  Queen  
  33  4:08  Zergling x4  
  32  4:20  Zergling x2  
  32  4:21  Zergling x4  
  27  4:25  Zergling x2  
Show
View Real Time Build Order
Export as new Build Order

mmm Protoss 

Build Orders: Cannon Rush 

Get SALT Encoding   

  12  0:01  Probe  
  13  0:10  Probe  
  14  0:21  Pylon  
  14  0:22  Probe  
  15  0:39  Probe  
  16  0:42  Forge  
  16  0:51  Probe  
  17  1:03  Probe, Pylon  
  18  1:12  Pylon  
  18  1:15  Probe  
  19  1:24  Photon Cannon  
  19  1:29  Pylon  
  19  1:34  Pylon  
  19  1:47  Photon Cannon  
  19  1:57  Photon Cannon  
  18  2:12  Probe  
  17  2:20  Probe  
  17  2:21  Photon Cannon  
  18  2:24  Gateway  
  19  2:30  Probe  
  19  2:32  Assimilator  
  19  2:36  Assimilator  
  20  2:42  Probe  
  21  2:46  Pylon  
  20  2:52  Probe  
  21  3:00  Probe  
  22  3:08  Probe  
  22  3:11  Photon Cannon  
  23  3:13  Cybernetics Core  
  23  3:20  Probe  
  24  3:28  Probe  
  25  3:36  Probe  
  26  3:47  Probe  
  27  3:49  Nexus  
  27  3:53  Pylon  
  27  3:56  Stargate  
  27  3:59  Probe, Stargate  
  28  4:11  Probe  
  28  4:13  Photon Cannon  
  29  4:23  Probe  
  30  4:33  Pylon  
Show
View Real Time Build Order
Export as new Build Order

IIIIIIIIIIII Protoss - Winner!

Build Orders: Cannon Rush, Phoenix Opening 

Get SALT Encoding   

  1  0:00  Probe  
  13  0:07  Probe  
  14  0:19  Pylon  
  14  0:21  Probe  
  15  0:37  Probe  
  15  0:40  Forge  
  16  0:53  Pylon  
  16  1:12  Gateway  
  16  1:14  Photon Cannon  
  16  1:28  Photon Cannon  
  16  1:41  Probe  
  17  1:50  Probe  
  17  1:51  Photon Cannon  
  18  1:59  Probe  
  18  2:01  Assimilator  
  19  2:10  Cybernetics Core  
  19  2:17  Probe  
  20  2:25  Probe  
  21  2:35  Probe  
  21  2:40  Assimilator  
  21  2:41  Pylon  
  22  2:47  Probe  
  22  3:11  Probe  
  23  3:17  Stargate  
  22  3:40  Nexus  
  22  3:43  Assimilator  
  22  3:45  Stargate  
  22  3:48  Probe  
  23  3:56  Phoenix  
  25  4:09  Pylon  
  25  4:12  Probe  
  25  4:16  Phoenix  
Show
View Real Time Build Order
Export as new Build Order

Adversity Terran - Winner!

Build Orders:  

Get SALT Encoding   

  12  0:00  SCV  
  13  0:13  SCV  
  14  0:18  Supply Depot  
  14  0:25  SCV  
  15  0:32  Refinery  
  15  0:40  SCV  
  16  0:46  Barracks  
  16  0:52  SCV  
  17  1:05  Barracks  
  17  1:19  Barracks  
  17  1:36  Reaper  
  18  1:53  Reaper  
  19  1:58  Refinery  
  19  2:07  Reaper  
  20  2:10  Reaper  
  21  2:26  Supply Depot  
  21  2:27  Reaper  
  21  2:29  SCV  
  23  2:47  Reaper x2  
  25  2:58  Orbital Command  
  25  3:03  Reaper  
  27  3:20  Reaper  
  27  3:22  Reaper  
  27  3:24  SCV  
  29  3:29  Supply Depot  
  29  3:36  SCV  
  29  3:38  Reaper  
  31  3:51  SCV  
  32  3:57  Reaper  
  32  4:01  Reaper  
  34  4:03  SCV  
  36  4:26  Command Center  
  36  4:28  SCV  
Tags
 
Add a new tag
Caveats
  • Supply blocks, unpowered buildings, or Contaminate may cause inaccurate times.
  • Supply counts are checked every 10 seconds.